 Dungeon Crawl Stone Soup version 0.29.0-4-gdea44cf6ec (webtiles) character file.

Game seed: 17342370354416644939

91 qw the Ruffian (level 4, -1/35 HPs)
             Began as a Ghoul Fire Elementalist on Aug 29, 2022.
             Slain by a black bear (7 damage)
             ... on level 3 of the Dungeon.
             The game lasted 00:02:18 (2947 turns).

qw the Ruffian (Ghoul Fire Elementalist)            Turns: 2947, Time: 00:02:19

Health: -1/35      AC:  6    Str: 13    XL:     4   Next: 57%
Magic:  5/5        EV: 10    Int: 10    God:
Gold:   104        SH:  0    Dex:  9    Spells: 5/6 levels left

rFire   . . .      SeeInvis .     - Unarmed
rCold   + . .      Faith    .   (no shield)
rNeg    + + +      Spirit   .   b - +0 ring mail
rPois   inf        Reflect  .   c - +0 helmet
rElec   .          Harm     .   (no cloak)
rCorr   .          Rampage  .   (no gloves)
Will    .....                   (no boots)
Stlth   +.........              i - amulet of the acrobat
HPRegen 0.00/turn               (no ring)
MPRegen 0.09/turn               (no ring)

@: inhibited regen
A: claws 1, cold resistance 1, negative energy resistance 3, inhibited
regeneration, torment resistance 2, devour on kill
a: no special abilities


You were on level 3 of the Dungeon.
You visited 1 branch of the dungeon, and saw 3 of its levels.

You collected 104 gold pieces.


Innate Abilities, Weirdness & Mutations

You are immune to poison.
You have sharp fingernails.
Your flesh is cold resistant. (rC+)
You are immune to negative energy. (rN+++)
You do not regenerate when monsters are visible.
You are immune to unholy pain and torment.
You thrive by killing the living.


   Skills:
 + Level 1.0 Fighting
 - Level 1.7 Dodging
 - Level 2.1 Stealth
 - Level 4.2 Unarmed Combat
 - Level 1.7 Spellcasting
 - Level 0.7 Conjurations
 - Level 2.4 Fire Magic


You had 5 spell levels left.
You knew the following spells:

 Your Spells              Type           Power      Damage    Failure   Level
a - Foxfire               Conj/Fire      16%        2x1d4     36%         1

Your spell library contained the following spells:

 Spells                   Type           Power      Damage    Failure   Level
 Scorch                   Fire           10%        2d5       36%         2
 Conjure Flame            Conj/Fire      4%         6-21      73%         3
 Inner Flame              Hex/Fire       3%         N/A       78%         3
 Flame Wave               Conj/Fire      4%         2d5       98%         4

Inventory:

Armour
 b - a +0 ring mail (worn)
 c - a +0 helmet (worn)
Jewellery
 i - an amulet of the acrobat (around neck)
Potions
 d - a potion of haste {unknown}
 f - a potion of mutation {unknown}
 g - a potion of might {unknown}
 h - a potion of degeneration {unknown}
 j - a potion of flight {unknown}
 k - a potion of curing
 m - a potion of berserk rage {unknown}

Dungeon Overview and Level Annotations

Branches:
Dungeon (3/15)

Altars:

Shops:
D:1 ?

Annotations:
D:3 Natasha


Message History

You barely miss the black bear.
The black bear is moderately wounded.
The black bear bites you but does no damage.
The black bear claws you.
The black bear claws you but does no damage.
Natasha, Servant of Life and Death comes into view.
2940 ||| Stepping ~*~*~tactically~*~*~ (hiding).
The black bear attacks as you move away!
The black bear closely misses you. x3
You scratch the black bear.
The black bear is heavily wounded.
The black bear bites you. The black bear claws you.
The black bear closely misses you.
You closely miss the black bear.
The black bear is heavily wounded.
The black bear barely misses you.
The black bear claws you but does no damage.
The black bear claws you.
You closely miss the black bear.
The black bear is heavily wounded.
The black bear bites you. The black bear claws you. x2
2944 ||| DRINKING potion of heal wounds.
You feel much better. The black bear bites you!
The black bear closely misses you.
The black bear claws you but does no damage.
You claw the black bear!
The black bear is severely wounded.
The black bear goes berserk!
You scratch the black bear.
The black bear is almost dead.
The black bear closely misses you. The black bear claws you.
The black bear claws you but does no damage.
You scratch the black bear.
The black bear is almost dead.
The black bear bites you. The black bear claws you.
The black bear claws you but does no damage.
Natasha howls an incantation.
Natasha's front paws start to glow.
The black bear bites you!
You die...

### ... #.# #.#
########## #.#
.........# ##@##
########.###..h#
#####.##!###h.....#
#........# .###.#h
#.##..##.# .#
#.##..###.. .#
#.##..# ###..
####.##..# ##
.........#


You could see a black bear (berserk) and Natasha.

Vanquished Creatures
  A hound (D:3)
  An adder (D:2)
  2 dart slugs
  2 ball pythons (D:2)
  9 endoplasms
  5 giant cockroaches
  A hobgoblin (D:2)
  4 jackals (D:1)
  A quokka (D:3)
  7 bats
  4 frilled lizards (D:1)
  3 goblins
  4 kobolds
  2 rats (D:1)
46 creatures vanquished.

Notes
Turn   | Place    | Note
-------+----------+-------------------------------------------
     0 | D:1      | qw the Ghoul Fire Elementalist began the quest for the Orb.
     0 | D:1      | Reached XP level 1. HP: 14/14 MP: 2/2
     0 | D:1      | 0 ||| qw: Version: 0.1-a-90-g952f4b7
     0 | D:1      | 0 ||| qw: Game counter: 4061
     0 | D:1      | 0 ||| qw: Always use a shield: true
     0 | D:1      | 0 ||| qw: God list: Okawaru
     0 | D:1      | 0 ||| qw: Allow faded altars: false
     0 | D:1      | 0 ||| qw: Do Orc after D:15 true
     0 | D:1      | 0 ||| qw: Do second Lair branch before Depths: true
     0 | D:1      | 0 ||| qw: Lair rune preference: random
     0 | D:1      | 0 ||| qw: Plans: Normal
     0 | D:1      | 0 ||| PLANNING D:1-11
    33 | D:1      | Found Suokovip's Magic Scroll Shoppe.
    41 | D:1      | 41 ||| SHOPLISTING scroll of acquirement (572 gold, have
                  | 0).
    41 | D:1      | 41 ||| SHOPLISTING scroll of enchant armour (82 gold, have
                  | 0).
    41 | D:1      | 41 ||| SHOPLISTING scroll of identify (22 gold, have 0).
    41 | D:1      | 41 ||| SHOPLISTING scroll of teleportation (33 gold, have
                  | 0).
   171 | D:1      | Reached skill level 1 in Unarmed Combat
   286 | D:1      | 286 ||| Stepping ~*~*~tactically~*~*~ (stealth).
   293 | D:1      | Reached skill level 1 in Fighting
   293 | D:1      | Reached XP level 2. HP: 12/23 MP: 3/3
   526 | D:1      | 526 ||| Stepping ~*~*~tactically~*~*~ (stealth).
   529 | D:1      | 529 ||| Stepping ~*~*~tactically~*~*~ (stealth).
   530 | D:1      | 530 ||| Stepping ~*~*~tactically~*~*~ (stealth).
   608 | D:1      | Reached skill level 2 in Unarmed Combat
  1107 | D:1      | Reached XP level 3. HP: 27/28 MP: 4/4
  1143 | D:1      | 1143 ||| Stepping ~*~*~tactically~*~*~ (outnumbered).
  1144 | D:1      | 1144 ||| Stepping ~*~*~tactically~*~*~ (outnumbered).
  1145 | D:1      | 1145 ||| Stepping ~*~*~tactically~*~*~ (outnumbered).
  1146 | D:1      | 1146 ||| Stepping ~*~*~tactically~*~*~ (outnumbered).
  1147 | D:1      | 1147 ||| Stepping ~*~*~tactically~*~*~ (outnumbered).
  1479 | D:1      | 1479 ||| UPGRADING to +0 helmet.
  1484 | D:1      | 1484 ||| READING 2 scrolls labelled RYVVUF DAYRHU.
  1485 | D:1      | 1485 ||| READING scroll labelled JAEMOS ZABUZ.
  1486 | D:1      | 1486 ||| READING scroll labelled IRECKI JYCLEFA.
  1587 | D:1      | 1587 ||| READING scroll labelled PUECOM FAPNAKY.
  1588 | D:1      | 1588 ||| DRINKING 2 black potions.
  1589 | D:1      | 1589 ||| DROPPING potion of magic.
  1590 | D:1      | 1590 ||| DROPPING scroll of magic mapping.
  1653 | D:2      | 1653 ||| Stepping ~*~*~tactically~*~*~ (hiding).
  1663 | D:2      | 1663 ||| Stepping ~*~*~tactically~*~*~ (stealth).
  1665 | D:2      | 1665 ||| Stepping ~*~*~tactically~*~*~ (stealth).
  1666 | D:2      | 1666 ||| Stepping ~*~*~tactically~*~*~ (stealth).
  1720 | D:2      | Reached skill level 3 in Unarmed Combat
  2032 | D:2      | 2032 ||| Stepping ~*~*~tactically~*~*~ (stealth).
  2033 | D:2      | 2033 ||| Stepping ~*~*~tactically~*~*~ (stealth).
  2034 | D:2      | 2034 ||| Stepping ~*~*~tactically~*~*~ (stealth).
  2139 | D:2      | Found a faded altar of an unknown god.
  2379 | D:2      | Reached XP level 4. HP: 34/35 MP: 5/5
  2619 | D:2      | 2619 ||| UPGRADING to +0 ring mail.
  2629 | D:2      | 2629 ||| DROPPING +0 robe.
  2630 | D:2      | 2630 ||| UPGRADING to amulet of the acrobat.
  2635 | D:2      | 2635 ||| READING scroll labelled OLUBLOODOW.
  2636 | D:2      | 2636 ||| DRINKING 2 sapphire potions.
  2818 | D:3      | Reached skill level 4 in Unarmed Combat
  2934 | D:3      | Noticed a black bear
  2939 | D:3      | Noticed Natasha
  2940 | D:3      | 2940 ||| Stepping ~*~*~tactically~*~*~ (hiding).
  2943 | D:3      | HP: 5/35 [black bear (4)]
  2944 | D:3      | 2944 ||| DRINKING potion of heal wounds.
  2947 | D:3      | Slain by a black bear

Levels and vault maps discovered:
D:1:      lemuel_arrival_muddy, layout_loops_corners, serial_shops, shop,
          minmay_octomino_c4
D:2:      layout_loops_ring, chequers_ecumenical_altar_grove,
          hangedman_abyss_or_decor_lesser_grid
D:3:      layout_loops_ring, uniq_sigmund, uniq_natasha, uniq_robin

Skill      XL: |  1  2  3  4 |
---------------+-------------+-----
Unarmed Combat | 1 2 3 4 |  4.2
Fighting       | 1 |  1.0
Dodging        | |  1.7
Stealth        | |  2.1
Spellcasting   | |  1.7
Conjurations   | |  0.7
Fire Magic     | |  2.4

Action                   |  1- 3 |  4- 6 || total
-------------------------+-------+-------++-------
Melee: Unarmed           |   163 |    30 ||   193
       Punch             |       |     1 ||     1
  Use: Scroll            |     4 |     1 ||     5
       Potion            |     1 |     2 ||     3
Armor: Robe              |    37 |       ||    37
       Ring mail         |       |    15 ||    15
Dodge: Dodged            |   103 |    19 ||   122

Table legend:
 A = Non-vault XP
 B = Vault XP
 C = Vault XP percentage of total XP
 D = Non-vault monster count
 E = Vault monster count
 F = Vault count percentage of total count
                 A         B        C        D         E       F
            +---------+---------+-------+---------+---------+-------
      Total |     122 |       8 |   6.2 |      41 |       5 |  10.9
            +---------+---------+-------+---------+---------+-------
        D:1 |      34 |       8 |  19.0 |      22 |       5 |  18.5
        D:2 |      42 |       0 |   0.0 |      16 |       0 |   0.0
        D:3 |      46 |       0 |   0.0 |       3 |       0 |   0.0
            +---------+---------+-------+---------+---------+-------
